 Dungeon Crawl Stone Soup version 0.30-a0-335-ge5acde7520 (webtiles) character file.

Game seed: 17107345587173386681

47 hikkokomori the Chiller (level 3, -6/26 HPs)
             Began as a Demigod Ice Elementalist on Oct 31, 2022.
             Killed from afar by Sigmund (8 damage)
             ... with a magic dart
             ... on level 2 of the Dungeon.
             The game lasted 00:03:01 (1712 turns).

hikkokomori the Chiller (Demigod Ice Elementalist)  Turns: 1712, Time: 00:03:02

Health: -6/26      AC:  8    Str:  9    XL:     3   Next: 29%
Magic:  3/9        EV: 12    Int: 21    God:
Gold:   23         SH:  0    Dex: 14    Spells: 0/7 levels left

rFire   . . .      SeeInvis .    d - +0 long sword
rCold   . . .      Faith    .    (no shield)
rNeg    . . .      Spirit   .    a - +0 robe
rPois   .          Reflect  .    (no helmet)
rElec   .          Harm     .    (no cloak)
rCorr   .          Rampage  .    (no gloves)
Will    .....                    (no boots)
Stlth   ++........               (no amulet)
HPRegen 0.24/turn                (no ring)
MPRegen 0.11/turn                (no ring)

@: ice-armoured, freezing walls
A: high MP 1, forlorn, divine attributes
a: no special abilities


You were on level 2 of the Dungeon.
You visited 1 branch of the dungeon, and saw 2 of its levels.

You collected 23 gold pieces.

Inventory:

Hand Weapons
 d - a +0 long sword (weapon)
Armour
 a - a +0 robe (worn)
Magical Staves
 e - a staff of earth
Jewellery
 i - a ring of flight
Scrolls
 f - a scroll of enchant weapon {unknown}
 g - a scroll of identify {unknown}
 h - a scroll of silence {unknown}
 j - a scroll of amnesia {unknown}
Potions
 b - a potion of magic


   Skills:
 - Level 2.0 Dodging
 - Level 2.0 Stealth
 + Level 2.5 Spellcasting
 * Level 4.1 Ice Magic


You couldn't memorise any spells.
You knew the following spells:

 Your Spells              Type           Power      Damage    Failure   Level
a - Freeze                Ice            80%        1d9       2%          1
b - Frozen Ramparts       Ice            40%        1d7       8%          3
c - Ozocubu's Armour      Ice            20%        N/A       8%          3

Your spell library contained the following spells:

 Spells                   Type           Power      Damage    Failure   Level
 Call Canine Familiar     Summ           2%         N/A       38%         3
 Ignite Poison            Fire/Tmut/Pois 2%         N/A       38%         3
 Portal Projectile        Hex/Tloc       4%         N/A       38%         3
 Summon Ice Beast         Ice/Summ       11%        N/A       52%         4
 Leda's Liquefaction      Hex/Erth       1%         N/A       80%         4
 Sticky Flame             Conj/Fire      2%         2d3       80%         4
 Ignition                 Fire           1%         3d3       100%        8


Dungeon Overview and Level Annotations

Branches:
Dungeon (2/15)

Annotations:
D:2 Sigmund


Innate Abilities, Weirdness & Mutations

You have an increased reservoir of magic. (+10% MP)
You shall have no god before yourself.
Your divine heritage dramatically boosts your attributes as you level up.


Message History

Unknown command.
Okay, then.
You bump into the rock wall.
Something hits you!
You're too confused to move!
You hear some strange, mumbled words.
Something tries to affect you, but you resist.
Something hits you.
You bump into the rock wall.
You feel less invigorated. Something hits you!
You bump into the rock wall.
Something barely misses you.
Unknown command.
You hear a zap.
Some rock shatters into small pieces.
You bump into the rock wall.
Unknown command.
You bump into the rock wall.
You feel less confused.
You hear some strange, mumbled words.
Something tries to affect you, but you resist.
Casting: Freeze (safe; 2% risk of failure)
Confirm with . or Enter, or press ? or * to list all spells.
You can't see any susceptible monsters within range! (Use Z to cast anyway.)
Casting: Freeze (safe; 2% risk of failure)
Confirm with . or Enter, or press ? or * to list all spells.
The spell is quite dangerous to miscast (8% risk of failure)!
Continue anyway?
Casting: Frozen Ramparts (quite dangerous; 8% risk of failure)
Press: ? - help, Dir - look around, f - activate The walls around you are covered in ice.
The wall freezes something.
Something hits you!
* * * LOW HITPOINT WARNING * * *
Unknown command.
Casting: Frozen Ramparts (quite dangerous; 8% risk of failure)
Confirm with . or Enter, or press ? or * to list all spells.
The spell is quite dangerous to miscast (8% risk of failure)!
Continue anyway?
A film of ice covers your body!
Sigmund appears from thin air!
Reactivating autopickup.
The wall freezes Sigmund.
Sigmund gestures at you while chanting. The magic dart hits you!
You die...

#.####### #######
........##.......
....@.....#
........#.#
########@.#
#.....# #.@####.#
#.....>.#
#...###### #.#..#
#.##..# ## #..#
#..# #..#
###########..#


You could see Sigmund.

Vanquished Creatures
  3 dart slugs
  3 endoplasms
  2 giant cockroaches (D:1)
  3 goblins
  5 hobgoblins
  3 kobolds (D:2)
  3 quokkas
  7 ball pythons (D:1)
  7 frilled lizards
  2 rats (D:1)
38 creatures vanquished.

Vanquished Creatures (others)
  5 plants (D:1)
5 creatures vanquished.

Grand Total: 43 creatures vanquished

Notes
Turn   | Place    | Note
-------+----------+-------------------------------------------
     0 | D:1      | hikkokomori the Demigod Ice Elementalist began the quest
                  | for the Orb.
     0 | D:1      | Reached XP level 1. HP: 14/14 MP: 5/5
   255 | D:1      | Reached XP level 2. HP: 18/20 MP: 5/7
   945 | D:1      | Reached skill level 4 in Ice Magic
  1289 | D:2      | Reached XP level 3. HP: 26/26 MP: 6/9
  1615 | D:2      | Learned a level 3 spell: Frozen Ramparts
  1619 | D:2      | Learned a level 3 spell: Ozocubu's Armour
  1678 | D:2      | Noticed Sigmund
  1711 | D:2      | HP: 1/26 [something (11)]
  1712 | D:2      | Killed from afar by Sigmund

Illustrated notes

Levels and vault maps discovered:
D:1:      tarquinn_simple_flora_water_c, layout_loops_corners,
          nrook_loot_triangle, serial_bayou_crossing
D:2:      layout_basic, minmay_increasing_density, uniq_sigmund,
          uniq_crazy_yiuf_cottage

Skill      XL: |  1  2 |
---------------+-------+-----
Dodging        | 2 |  2.0
Stealth        | 2 |  2.0
Spellcasting   | 2 |  2.5
Ice Magic      | 4 |  4.1

Action                   || total
-------------------------++-------
Melee: Unarmed           ||     2
       Long sword        ||    29
 Cast: Freeze            ||    40
       Ozocubu's Armour  ||     1
       Frozen Ramparts   ||     1
  Use: Potion            ||     2
 Stab: Sleeping          ||     3
Armor: Robe              ||     7
Dodge: Dodged            ||    49

Table legend: (Time is in decaauts)
 A = Elapsed time spent in this place.
 B = Non-inter-level travel time spent in this place.
 C = Inter-level travel time spent in this place.
 D = Time resting spent in this place.
 E = Time spent auto-exploring this place.
 F = Levels seen in this place.
 G = Mean time per level.
                   A        B        C        D        E       F      G
               +--------+--------+--------+--------+--------+-----+--------+
         Total |   1731 |   1687 |     44 |      0 |   1428 |   2 |  865.5 |
       Dungeon |   1731 |   1687 |     44 |      0 |   1428 |   2 |  865.5 |
               +--------+--------+--------+--------+--------+-----+--------+

Top non-repeatable levels by time:
     D:1: 1241 daAuts
     D:2: 490 daAuts
